 Dungeon Crawl Stone Soup version 0.18.1-1-g2f07953 (webtiles) character file.

5 imoen the Sneak (level 1, 9/9 HPs)
             Began as a Spriggan Enchanter on May 7, 2016.
             Got out of the dungeon alive.
             The game lasted 00:01:43 (147 turns).

imoen the Sneak (Spriggan Enchanter)                 Turns: 147, Time: 00:01:44

Health: 9/9        AC:  3    Str:  4    XL:     1   Next: 66%
Magic:  5/5        EV: 18    Int: 16    God:
Gold:   14         SH:  0    Dex: 16    Spells: 1 memorised, 4 levels left

rFire  . . .     SeeInvis +     a - +1 dagger
rCold  . . .     Gourm    .     b - +1 robe
rNeg   . . .     Faith    .     (shield restricted)
rPois  .         Spirit   .     (helmet restricted)
rElec  .         Dismiss  .     (no cloak)
rCorr  .         Reflect  .     (gloves unavailable)
SustAt .         Harm     .     (boots unavailable)
MR     .....     Rnd*Tele +     (no amulet)
Stlth  +++.......               (no ring)
                                g - ring of teleportation (curse)

@: very quick, not resistant to hostile enchantments, fairly stealthy
A: unfitting armour, see invisible, herbivore 3, speed 3, slow metabolism 2
a: no special abilities


You escaped.
You were not hungry.

You visited 1 branch of the dungeon, and saw 1 of its levels.

You collected 14 gold pieces.

Inventory:

Hand Weapons
 a - a +1 dagger (weapon)
Armour
 b - a +1 robe (worn)
Jewellery
 g - a cursed ring of teleportation (left hand)
   (You found it on level 1 of the Dungeon)
Scrolls
 e - a scroll of random uselessness {unknown}
Potions
 f - a potion of mutation {unknown}
Books
 c - a book of Maledictions
Comestibles
 d - a bread ration


   Skills:
 + Level 1.4 Short Blades
 + Level 3.2 Dodging
 + Level 4.6 Stealth
 + Level 2.7 Spellcasting
 + Level 3.6 Hexes


You had 4 spell levels left.
You knew the following spells:

 Your Spells              Type           Power        Failure   Level  Hunger
a - Corona                Hex            ##.....      6%          1    #......


Dungeon Overview and Level Annotations

Branches:
Dungeon (1/15)

Altars:


Innate Abilities, Weirdness & Mutations

You are tiny and cannot use many weapons and most armour.
You have supernaturally acute eyesight.
You are a herbivore.
You cover ground extremely quickly.
You need consume almost no food.


Message History

Welcome, imoen the Spriggan Enchanter.
The bosom of this dungeon contains the fabled artefact, the Orb of Zot.
e - a scroll labeled RILYKY SETEAVU You open the door.
There is an open door here.
You open the door.
There is an open door here.
You now have 14 gold pieces.
You see here 13 sling bullets.
A giant newt comes into view.
The helpless giant newt fails to defend itself.
You impale the giant newt!!
You kill the giant newt!
You see here a giant newt corpse.
A giant cockroach comes into view.
The helpless giant cockroach fails to defend itself.
You impale the giant cockroach!!
You kill the giant cockroach!
There is a stone staircase leading down here.
f - an amethyst potion A goblin comes into view.
It is wielding a club.
A bat comes into view.
A kobold comes into view. It is wielding a short sword.
The helpless goblin fails to defend itself.
You impale the goblin!!
You kill the goblin!
The bat closely misses you.
You hit the bat. The bat hits you but does no damage.
You hit the bat.
You kill the bat!
The kobold shouts!
The kobold throws a stone.
The stone hits you but does no damage.
You see here a stone.
You hit the kobold. The kobold completely misses you.
You hit the kobold.
You kill the kobold!
No target in view!
No target in view!
g - a granite ring A kobold comes into view.
Put on which piece of jewellery? (? for menu, Esc to quit)
You don't have any such object.
Put on which piece of jewellery? (? for menu, Esc to quit)
You don't have any such object.
Put on which piece of jewellery? (? for menu, Esc to quit)
You don't have any such object.
Put on which piece of jewellery? (? for menu, Esc to quit)
You don't have any such object.
Put on which piece of jewellery? (? for menu, Esc to quit)
Okay, then.
Put on which piece of jewellery? (? for menu, Esc to quit)
You feel slightly jumpy.
Oops, that ring feels deathly cold.
g - a cursed ring of teleportation (left hand)
The helpless kobold fails to defend itself.
You impale the kobold!!
You kill the kobold!
No target in view!
No target in view!
No target in view!
(D) Dungeon
Where to? (? - help)
What level of the Dungeon? (default 1, ? - help) You're already here!
Unknown command.
Unknown command.
Unknown command.
A goblin comes into view. It is wielding a dagger of speed.
Unknown command.
You found a shaft!
You see here 13 sling bullets.
There is an open door here.
There is an open door here.
There is a staircase leading out of the dungeon here.
Are you sure you want to leave the Dungeon?
This will make you lose the game!
Alright, then stay!
Unknown command.
Are you sure you want to leave the Dungeon?
This will make you lose the game!
You have escaped!

## ### ##########.
.... #...##.....
#####...###.....###
####...####.....####
###.........###'###
#......@......'.+
###.........###+#
####...#### ##### ##
.. .. ..


There were no monsters in sight!

Vanquished Creatures
  A giant cockroach (D:1)
  A goblin (D:1)
  A bat (D:1)
  A giant newt (D:1)
  2 kobolds (D:1)
6 creatures vanquished.

Notes
Turn   | Place    | Note
--------------------------------------------------------------
     0 | D:1      | imoen the Spriggan Enchanter began the quest for the Orb.
     0 | D:1      | Reached XP level 1. HP: 9/9 MP: 5/5
   147 | D:$      | Got out of the dungeon alive.

Action                   || total
-------------------------++-------
Melee: Dagger            ||     8
 Stab: Sleeping          ||     4
Armor: Robe              ||     2
Dodge: Dodged            ||     2

Vault maps used:
D:1:      elethiomel_arrival_infinity_welcomes_careful_drivers

Table legend:
 A = Turns spent in this place as a percentage of turns spent in the entire game.
 B = Non-inter-level travel turns spent in this place as a percentage of non-inter-level travel turns spent in the entire game.
 C = Inter-level travel turns spent in this place as a percentage of turns spent in this place.
 D = Turns resting spent in this place as a percentage of non-inter-level travel turns spent in this place.
 E = Turns spent auto-exploring this place as a percentage of non-inter-level travel turns spent in this place.
 F = Non-inter-level travel turns spent in this place divided by the number of levels of this place that you've seen.
                   A       B       C       D       E      F
               +-------+-------+-------+-------+-------+----------------------
         Total | 100.0 | 100.0 |   2.5 |   0.0 |   1.3 |  77.0
       Dungeon | 100.0 | 100.0 |   2.5 |   0.0 |   1.3 |  77.0
               +-------+-------+-------+-------+-------+----------------------

Table legend:
 A = Kills in this place as a percentage of kills in entire the game.
 B = Kills by you in this place as a percentage of kills by you in the entire game.
 C = Kills by friends in this place as a percentage of kills by friends in the entire game.
 D = Other kills in this place as a percentage of other kills in the entire game.
 E = Experience gained in this place as a percentage of experience gained in the entire game.
 F = Experience gained in this place divided by the number of levels of this place that you have seen.
                   A       B       C       D       E      F
               +-------+-------+-------+-------+-------+----------------------
         Total | 100.0 | 100.0 |  -nan |  -nan | 100.0 |   8.0
       Dungeon | 100.0 | 100.0 |  -nan |  -nan | 100.0 |   8.0
               +-------+-------+-------+-------+-------+----------------------
